 Dungeon Crawl Stone Soup version 0.28-a0-932-g843f935a50 (webtiles) character file.

Game seed: 11113135632513836129

86 cheechan the Bolt Thrower (level 4, -1/30 HPs)
             Began as an Octopode Hunter on Nov 27, 2021.
             Killed from afar by Natasha (10 damage)
             ... with a magic dart
             ... on level 2 of the Dungeon.
             The game lasted 00:07:50 (1947 turns).

cheechan the Bolt Thrower (Octopode Hunter)         Turns: 1947, Time: 00:07:52

Health: -1/30      AC:  1    Str: 15    XL:     4   Next: 49%
Magic:  4/4        EV: 13    Int: 13    God:
Gold:   77         SH:  0    Dex: 13    Spells: 3/3 levels left

rFire   + . .      SeeInvis .   a - +1 hand crossbow
rCold   . . .      Faith    .   (no shield)
rNeg    . . .      Spirit   .   (helmet restricted)
rPois   .          Reflect  .   (no amulet)
rElec   .          Harm     .   d - ring of Toruwn {rF+ rCorr Str+4}
rCorr   +          Rampage  .   (no ring)
Will    .....                   (no ring)
Stlth   +++.......              (no ring)
HPRegen 0.10/turn               (no ring)
MPRegen 0.09/turn               (no ring)
                                (no ring)
                                (no ring)

@: slowed, very slow
A: almost no armour, amphibious, 8 rings, camouflage 1, gelatinous body 1,
(nimble swimmer 1), tentacles
a: no special abilities


You were on level 2 of the Dungeon.
You visited 1 branch of the dungeon, and saw 2 of its levels.

You collected 77 gold pieces.

Inventory:

Hand Weapons
 a - a +1 hand crossbow (weapon)
 b - a +0 short sword
 l - a +0 whip
Missiles
 c - 29 bolts (quivered ammo)
 h - 6 javelins
 i - 12 sling bullets
Jewellery
 d - the ring of Toruwn (left tentacle) {rF+ rCorr Str+4}
   (You acquired it on level 2 of the Dungeon)

   [ring of resist corrosion]

   Str:       It affects your strength (+4).
   rF:        It protects you from fire.
   rCorr:     It protects you from acid and corrosion.
Potions
 e - 2 potions of lignification {unknown}
 g - a potion of resistance {unknown}


   Skills:
 + Level 2.4 Fighting
 + Level 5.2 Crossbows
 + Level 2.3 Dodging
 + Level 2.1 Stealth


You had 3 spell levels left.
You didn't know any spells.
Your spell library was empty.

Dungeon Overview and Level Annotations

Branches:
Dungeon (2/15)

Altars:

Annotations:
D:2 Natasha


Innate Abilities, Weirdness & Mutations

You cannot wear most types of armour.
You are amphibious.
You can wear up to eight rings at the same time.
Your skin changes colour to match your surroundings (Stealth+).
Your rubbery body absorbs attacks. (AC +1, EV +1)
((You are camouflaged near water. (Stealth+)))
You have tentacles for arms and can constrict up to eight enemies at once.


Message History

Natasha stares at you and mumbles some strange words.
You resist with some effort.
Fire: 28 bolts
Press: ? - help, Shift-Dir - straight line, f/p - Natasha
Aim: Natasha (severely wounded, 59% to hit)
You shoot a bolt. The bolt hits Natasha.
Natasha is almost dead.
Natasha claws you.
Unknown command.
Fire: 27 bolts
Press: ? - help, Shift-Dir - straight line, f/p - Natasha
Aim: Natasha (almost dead, 59% to hit)
You shoot a bolt. The bolt hits Natasha!
You kill Natasha!
Natasha growls in agony!
Your Stealth skill increases to level 2!
c - 28 bolts (gained 2)
c - 29 bolts (gained 1)
As you read the scroll labelled OKEUBOUBAC, it crumbles to dust.
It is a scroll of amnesia.
You feel forgetful for a moment.
As you read the scroll labelled LOSTAG BAFREJ, it crumbles to dust.
The scroll dissolves into smoke.
It was a scroll of fog.
There is an escape hatch in the ceiling here.
You see here a +0 club.
Natasha, Servant of Life and Death comes into view.
Natasha stares at you and mumbles some strange words.
You feel yourself slow down. Natasha claws you. Natasha claws you!
You closely miss Natasha. You grab Natasha. You constrict Natasha.
Natasha claws you!
* * * LOW HITPOINT WARNING * * *
Natasha misses you.
You clumsily bash Natasha but do no damage.
Your squeeze misses Natasha.
Natasha is moderately wounded.
You constrict Natasha! Natasha barely misses you.
Natasha stares at you and mumbles some strange words.
The magic dart hits you!
You die...

..#...............#
#.#.#############.#
#.#.# #.#########
#.#.###########
#.........#
#.#.....).....#
#########.#
..........###.# #.#
####.####.# #.# #.# #
#.# #.###.###########.#
# #.#
#.......@h.....##.# #
#.# #####.#######.....#
# #.# #.# #..####
####.########.# #..# #
..............#
#..##########
###.###########
#............ # #§#
#.###########
###§######### #.#
§§§§§.......#########.#
##


You could see Natasha.

Vanquished Creatures
  Natasha (twice) (D:2)
  An adder (D:2)
  A dart slug (D:1)
  3 bats
  An endoplasm (D:1)
  5 goblins
  3 hobgoblins
  2 kobolds
  6 ball pythons
  A frilled lizard (D:1)
  4 rats
29 creatures vanquished.

Notes
Turn   | Place    | Note
-------+----------+-------------------------------------------
     0 | D:1      | cheechan the Octopode Hunter began the quest for the Orb.
     0 | D:1      | Reached XP level 1. HP: 14/14 MP: 1/1
   175 | D:1      | Reached XP level 2. HP: 16/19 MP: 2/2
  1062 | D:2      | Reached XP level 3. HP: 24/24 MP: 3/3
  1421 | D:2      | Noticed Natasha
  1431 | D:2      | Killed Natasha
  1432 | D:2      | Reached skill level 5 in Crossbows
  1432 | D:2      | Reached XP level 4. HP: 11/30 MP: 4/4
  1641 | D:2      | Acquired the ring of Toruwn {rF+ rCorr Str+4}
  1680 | D:2      | Found a faded altar of an unknown god.
  1835 | D:2      | Noticed Natasha
  1840 | D:2      | Killed Natasha
  1941 | D:2      | Noticed Natasha
  1947 | D:2      | Killed from afar by Natasha

Illustrated notes

Levels and vault maps discovered:
D:1:      dpeg_arrival_rooms_with_view, layout_basic
D:2:      layout_loops_ring, shapermc_ecumenical_altar_starsandcircs,
          uniq_natasha

Skill      XL: |  1  2  3  4 |
---------------+-------------+-----
Crossbows      | 5 |  5.2
Stealth        | 2 |  2.1
Fighting       | |  2.4
Dodging        | |  2.3

Action                   |  1- 3 |  4- 6 || total
-------------------------+-------+-------++-------
Melee: Hand crossbow     |    34 |     8 ||    42
       Constrict         |    11 |     4 ||    15
       Tentacles         |     4 |     3 ||     7
 Fire: Hand crossbow     |    43 |     6 ||    49
  Use: Scroll            |       |     5 ||     5
 Stab: Sleeping          |     2 |       ||     2
Armor: Skin              |     6 |     1 ||     7
Dodge: Dodged            |    38 |     9 ||    47

Table legend: (Time is in decaauts)
 A = Elapsed time spent in this place.
 B = Non-inter-level travel time spent in this place.
 C = Inter-level travel time spent in this place.
 D = Time resting spent in this place.
 E = Time spent auto-exploring this place.
 F = Levels seen in this place.
 G = Mean time per level.
                   A        B        C        D        E       F      G
               +--------+--------+--------+--------+--------+-----+--------+
         Total |   1981 |   1981 |      0 |    187 |      0 |   2 |  990.5 |
       Dungeon |   1981 |   1981 |      0 |    187 |      0 |   2 |  990.5 |
               +--------+--------+--------+--------+--------+-----+--------+

Top non-repeatable levels by time:
     D:2: 1018 daAuts
     D:1: 963 daAuts
